 Dungeon Crawl Stone Soup version 0.21-a0-625-g1119ec1 (webtiles) character file.

32287 Charly the Severer (level 13, 0/124 HPs)
             Began as a Deep Dwarf Gladiator on Dec 25, 2017.
             Was an Elder of Makhleb.
             Slain by a spark wasp (12 damage)
             ... on level 3 of the Spider Nest.
             The game lasted 00:48:58 (3853 turns).

Charly the Severer (Deep Dwarf Gladiator)           Turns: 3853, Time: 00:48:59

Health: 0/124      AC: 13    Str: 21    XL:     13   Next: 30%
Magic:  11/11      EV: 19    Int: 11    God:    Makhleb [****..]
Gold:   26         SH:  0    Dex: 14    Spells: 12/12 levels left

rFire    . . .     SeeInvis .   g - +1 battleaxe
rCold    . . .     Gourm    .   (shield currently unavailable)
rNeg     . . .     Faith    .   j - +3 ring mail
rPois    .         Spirit   .   e - +1 hat
rElec    .         Reflect  .   b - +0 cloak
rCorr    .         Harm     .   B - +0 pair of gloves
MR       +....                  (no boots)
Stlth    +.........             (no amulet)
HPRegen  0.00/turn              s - +2 ring of evasion
MPRegen  0.12/turn              (no ring)

@: lethally poisoned (0 -> 0), non-regenerating
A: damage resistance, heal wounds, sense surroundings 2, no regeneration
a: Heal Wounds, Minor Destruction, Lesser Servant of Makhleb, Major Destruction,
Renounce Religion


You were on level 3 of the Spider Nest.
You worshipped Makhleb.
Makhleb was greatly pleased with you.
You were not hungry.

You visited 4 branches of the dungeon, and saw 24 of its levels.

You collected 26 gold pieces.

Inventory:

Hand Weapons
 a - a +0 broad axe
 g - a +1 battleaxe (weapon)
 l - the +2 morningstar "Ovyat" {antimagic, rC+}
   (You found it on level 6 of the Lair of Beasts)

   It reduces the magical energy of the wielder, and disrupts the spells and
   magical abilities of those hit.
   Natural abilities and divine invocations are not affected.
   It protects you from cold.
Armour
 b - a +0 cloak (worn)
 e - a +1 hat (worn)
 j - a +3 ring mail (worn)
 B - a +0 pair of gloves (worn)
Jewellery
 c - an uncursed ring of ice
 s - a +2 ring of evasion (left hand)
Wands
 n - a wand of acid (10)
 u - a wand of digging (20)
Scrolls
 p - a scroll of teleportation
 x - a scroll of fear
 y - a scroll of fog
 A - a scroll of enchant weapon
Potions
 d - a potion of invisibility {unknown}
 h - 3 potions of flight
 i - 2 potions of resistance {unknown}
 k - 3 potions of brilliance
 m - 3 potions of degeneration {unknown}
 o - a potion of magic {unknown}
 q - a potion of haste {unknown}
 r - a potion of mutation {unknown}
 t - a potion of heal wounds
 z - a potion of agility {unknown}
Miscellaneous
 w - a phial of floods (inert)
Comestibles
 f - 13 rations


   Skills:
 + Level 10.5 Fighting
 * Level 16.5 Axes
 - Level 1.7 Throwing
 - Level 9.0 Armour
 + Level 9.6 Dodging
 - Level 5.6 Invocations


You had 12 spell levels left.
You didn't know any spells.

Dungeon Overview and Level Annotations

Branches:
Dungeon (13/15)              Lair (6/6) D:8          Spider (3/4) Lair:2
    Orc (2/2) D:11
 Temple: D:4-7        Swamp: Lair:2-4    Shoals: Lair:2-4     Slime: Lair:5-6
    Elf: Orc:2       Vaults: D:13-14

Altars:
Makhleb
Nemelex Xobeh
Wu Jian
Xom

Annotations:
D:6 exclusion: oklob plant
D:12 3 runed doors
Spider:3 Bai Suzhen


Innate Abilities, Weirdness & Mutations

You are resistant to damage.
You can heal yourself by infusing magical energy.
You passively map the area around you.
You do not regenerate.


Message History

You see here a scroll labeled CUAGHOKHIC.
As you read the scroll labeled CUAGHOKHIC, it crumbles to dust.
You hear a loud clanging noise!
It was a scroll of noise.
You feel sick.
You hear an angry hiss.
You hear an angry buzzing noise.
You hear an angry hiss. x3
Bai Suzhen, Madame White Snake comes into view.
She is wielding a quarterstaff of crushing.
Bai Suzhen roars!
You hear an angry hiss.
Bai Suzhen moves out of view.
A tarantella comes into view.
A spark wasp comes into view.
The spark wasp buzzes angrily.
The spark wasp bursts into living lightning!
The living lightning hits Bai Suzhen.
Bai Suzhen completely resists.
The living lightning hits you!
* * * LOW HITPOINT WARNING * * *
The spark wasp blinks! x2; The spark wasp stings you!!
* * * LOW HITPOINT WARNING * * *
The spark wasp shocks you!
You die...

#., ** .#s, ,* *
§.. , * ,d^###**
## ### *#...#.#
#.##.####...., **
#....#.#..## ,,
#...#...y[# ,, ,
, ###......^@##
,< ##...#...####*
** ,
######....##..# ,
.#.#.#..####^...#
, ** , ,
..........####..#
* , , *
....†....## *,^.#
, ,, ..#.#.##.#
..# ** ,*, *
.###### ## ..# ,
, * ..^.# *


You could see Bai Suzhen, a spark wasp and a tarantella.

Vanquished Creatures
  Gastronok (D:10)
  Fannar (D:10)
  A hydra (Lair:6)
  A deep troll shaman (Lair:6)
  An ogre mage (D:12)
  2 rime drakes (Lair:6)
  3 two-headed ogres
  2 death yaks (Lair:6)
  Nergalle (D:10)
  Pikel (D:5)
  An ugly thing (D:11)
  An orb spider (Spider:1)
  2 spiny frogs
  A cyclops (D:12)
  2 moths of wrath
  4 elephants
  2 black mambas
  A demonic crawler (Spider:1)
  A queen bee (D:9)
  A troll (D:11)
  A tengu conjurer (D:12)
  3 polar bears (Lair:3)
  3 jumping spiders
  A hornet (Spider:3)
  3 blink frogs (Lair:6)
  2 hippogriffs
  Sigmund (D:4)
  9 redbacks
  A tarantella (Spider:1)
  12 yaks
  2 wyverns
  A hungry ghost (D:12)
  A basilisk (D:12)
  Edmund (D:5)
  A soldier ant (D:13)
  4 water moccasins
  7 porcupines
  A hornet zombie (D:9)
  6 orc warriors
  A sky beast (D:5)
  An eye of draining (D:11)
  A necrophage (D:11)
  An ogre (D:8)
  A phantom (D:9)
  2 wolves (Lair:6)
  4 centaurs
  A big kobold (D:8)
  6 bullfrogs
  5 crocodiles
  A wyvern skeleton (D:12)
  14 killer bees (D:9)
  5 crimson imps
  2 hounds
  2 jellies
  Crazy Yiuf (D:5)
  An orc priest (D:9)
  A centaur skeleton (D:10)
  An iguana (D:8)
  11 orc wizards
  3 worker ants
  A howler monkey zombie (D:10)
  A howler monkey skeleton (D:10)
  4 adders
  2 shadow imps
  A worm (D:2)
  48 orcs
  A bat (D:2)
  2 giant cockroaches
  A goblin (D:2)
  3 hobgoblins (D:2)
  2 quokkas (D:2)
  3 kobolds (D:8)
  3 rats (D:2)
  2 fungi
229 creatures vanquished.

Vanquished Creatures (collateral kills)
  Erolcha (D:10)
  A hydra (Lair:6)
  A catoblepas (Lair:6)
  A centaur warrior (D:12)
  3 two-headed ogres
  3 death yaks (Lair:6)
  2 cyclopes
  5 elephants
  2 spiny frogs (Lair:3)
  A polar bear (Lair:3)
  2 blink frogs (Lair:6)
  A redback (Spider:1)
  A wraith (D:12)
  A water moccasin (Lair:3)
  A wolf (Lair:6)
  A black bear (Lair:6)
  A bullfrog (D:12)
  A scorpion (D:12)
  A kobold (D:8)
30 creatures vanquished.

Vanquished Creatures (others)
  An ogre mage (D:12)
  A redback (Spider:1)
  2 fungi
  6 plants
10 creatures vanquished.

Grand Total: 269 creatures vanquished

Notes
Turn   | Place    | Note
-------+----------+-------------------------------------------
     0 | D:1      | Charly the Deep Dwarf Gladiator began the quest for the Orb.
     0 | D:1      | Reached XP level 1. HP: 19/19 MP: 1/1
    21 | D:1      | You fall through a shaft!
   146 | D:2      | Reached XP level 2. HP: 17/26 MP: 2/2
   173 | D:2      | Reached skill level 4 in Axes
   233 | D:2      | Found a burning altar of Makhleb.
   236 | D:2      | Became a worshipper of Makhleb the Destroyer
   238 | D:2      | Found a shimmering altar of Xom.
   304 | D:4      | Noticed Sigmund
   321 | D:4      | Killed Sigmund
   321 | D:4      | Reached skill level 5 in Axes
   321 | D:4      | Reached XP level 3. HP: 34/34 MP: 3/3
   321 | D:4      | Reached XP level 4. HP: 42/42 MP: 4/4
   321 | D:4      | Reached XP level 5. HP: 49/49 MP: 5/5
   335 | D:5      | Entered Level 5 of the Dungeon
   406 | D:5      | Found a runed door.
   410 | D:5      | Noticed Crazy Yiuf
   417 | D:5      | Killed Crazy Yiuf
   417 | D:5      | Reached skill level 6 in Axes
   446 | D:5      | Noticed Edmund
   470 | D:5      | Noticed a slave
   471 | D:5      | Noticed a slave
   472 | D:5      | Noticed a slave
   474 | D:5      | Noticed Pikel
   475 | D:5      | Killed Edmund
   475 | D:5      | Reached XP level 6. HP: 39/57 MP: 6/6
   524 | D:5      | Noticed a slave
   527 | D:5      | Killed Pikel
   527 | D:5      | Reached skill level 8 in Axes
   527 | D:5      | Reached XP level 7. HP: 29/66 MP: 7/7
   603 | D:6      | Found a sparkling altar of Nemelex Xobeh.
   603 | D:6      | Noticed an oklob plant
   659 | D:5      | Found an ornate altar of the Wu Jian Council.
   714 | D:5      | Reached skill level 5 in Fighting
   738 | D:5      | Reached skill level 9 in Axes
   738 | D:5      | Reached XP level 8. HP: 40/74 MP: 8/8
   763 | D:7      | Noticed a hippogriff
   775 | D:7      | Killed a hippogriff
   998 | D:8      | Noticed a hippogriff
  1014 | D:8      | Killed a hippogriff
  1014 | D:8      | Reached skill level 10 in Axes
  1055 | D:9      | Reached * piety under Makhleb
  1055 | D:9      | Reached skill level 1 in Armour
  1064 | D:9      | Noticed a queen bee
  1072 | D:9      | Gained mutation: You passively map the area around you. [Deep Dwarf growth]
  1072 | D:9      | Reached XP level 9. HP: 54/82 MP: 9/9
  1080 | D:9      | Noticed a two-headed ogre
  1087 | D:9      | Killed a queen bee
  1095 | D:9      | Killed a two-headed ogre
  1095 | D:9      | Reached skill level 11 in Axes
  1117 | D:9      | Reached skill level 5 in Dodging
  1210 | D:10     | Entered Level 10 of the Dungeon
  1334 | D:10     | Reached ** piety under Makhleb
  1334 | D:10     | Reached XP level 10. HP: 46/94 MP: 10/10
  1345 | D:10     | Reached skill level 12 in Axes
  1350 | D:10     | Reached skill level 1 in Invocations
  1380 | D:10     | Noticed Nergalle
  1456 | D:10     | Noticed Erolcha
  1467 | D:10     | Killed Nergalle
  1515 | D:10     | Noticed Fannar
  1515 | D:10     | Noticed Gastronok
  1553 | D:10     | Killed Fannar
  1580 | D:10     | Killed Gastronok
  1580 | D:10     | Reached skill level 13 in Axes
  1580 | D:10     | Reached skill level 5 in Invocations
  1599 | D:11     | Noticed a purple ugly thing
  1599 | D:11     | Noticed a two-headed ogre
  1617 | D:11     | Killed a purple ugly thing
  1623 | D:11     | Killed a two-headed ogre
  1623 | D:11     | Reached XP level 11. HP: 54/104 MP: 14/14
  1714 | D:11     | Found a staircase to the Orcish Mines.
  1732 | Orc:1    | Entered Level 1 of the Orcish Mines
  1737 | Orc:1    | Reached *** piety under Makhleb
  1770 | Orc:2    | Entered Level 2 of the Orcish Mines
  1776 | Orc:2    | Noticed an orc knight
  1778 | Orc:2    | Noticed an orc sorcerer
  1800 | Orc:1    | Noticed an orc sorcerer
  1839 | D:11     | Noticed a death knight
  1842 | D:11     | Noticed a skeletal warrior
  1938 | D:10     | Reached skill level 5 in Armour
  1955 | D:10     | Killed Erolcha
  2032 | D:12     | Found a runed door.
  2032 | D:12     | Found a runed door.
  2038 | D:12     | Reached skill level 14 in Axes
  2056 | D:12     | Noticed an ogre mage
  2058 | D:12     | Noticed a centaur warrior
  2059 | D:12     | Killed an ogre mage
  2062 | D:12     | Killed a centaur warrior
  2070 | D:12     | Noticed an ogre mage
  2079 | D:12     | Killed an ogre mage
  2088 | D:12     | Identified the Catalogue of Flying Companions
  2088 | D:12     | Identified the Reference Book on the Unstable Birds
  2097 | D:12     | Found a runed door.
  2105 | D:12     | Noticed a centaur warrior
  2105 | D:12     | Noticed a red ugly thing
  2106 | D:12     | Found a runed door.
  2107 | D:12     | Found a runed door.
  2107 | D:12     | Noticed a vampire knight
  2117 | D:12     | Noticed a two-headed ogre
  2161 | D:12     | Killed a two-headed ogre
  2231 | D:12     | Noticed a two-headed ogre
  2239 | D:12     | Killed a two-headed ogre
  2357 | D:11     | Noticed a phantasmal warrior
  2378 | D:11     | Reached XP level 12. HP: 47/114 MP: 11/11
  2533 | D:8      | Noticed a two-headed ogre
  2541 | D:8      | Killed a two-headed ogre
  2546 | D:8      | Reached skill level 15 in Axes
  2556 | D:8      | Noticed a two-headed ogre
  2565 | D:8      | Killed a two-headed ogre
  2584 | D:8      | Found a staircase to the Lair.
  2602 | Lair:1   | Entered Level 1 of the Lair of Beasts
  2624 | Lair:1   | Reached **** piety under Makhleb
  2838 | Lair:3   | Noticed a five-headed hydra
  2843 | Lair:4   | Noticed an eight-headed hydra
  3052 | Lair:2   | Found a hole to the Spider Nest.
  3183 | Lair:6   | Entered Level 6 of the Lair of Beasts
  3187 | Lair:6   | Noticed a five-headed hydra
  3199 | Lair:6   | Reached skill level 10 in Fighting
  3199 | Lair:6   | Killed a five-headed hydra
  3270 | Lair:6   | Reached skill level 16 in Axes
  3290 | Lair:6   | Noticed a catoblepas
  3290 | Lair:6   | Noticed a death yak
  3300 | Lair:6   | Noticed a death yak
  3300 | Lair:6   | Noticed a death yak
  3300 | Lair:6   | Killed a death yak
  3308 | Lair:6   | Noticed a death yak
  3310 | Lair:6   | Noticed a death yak
  3378 | Lair:6   | Killed a catoblepas
  3381 | Lair:6   | Killed a death yak
  3383 | Lair:6   | Killed a death yak
  3383 | Lair:6   | Reached XP level 13. HP: 55/123 MP: 11/11
  3451 | Lair:6   | Got a brightly glowing morningstar
  3458 | Lair:6   | Identified the cursed +2 morningstar "Ovyat" {antimagic, rC+} (You found it on level 6 of the Lair of Beasts)
  3621 | Spider:1 | Entered Level 1 of the Spider Nest
  3832 | Spider:3 | Paralysed by a hornet for 3 turns
  3852 | Spider:3 | Noticed Bai Suzhen
  3853 | Spider:3 | Noticed a spark wasp
  3853 | Spider:3 | Slain by a spark wasp

Vault maps used:
D:1:      minmay_arrival_cross
D:2:      minitemple, first_ration, solitary_fountain,
          hangedman_decor_peaks_small, minmay_crystal_water
D:3:      minmay_roachtagon, nicolae_overflow_crystal_walls
D:4:      zin_scriptorium, lemuel_coloured_pillars_altar, uniq_grinder,
          uniq_sigmund, uniq_duvessa, uniq_eustachio
D:5:      basic_altar, uniq_edmund, uniq_crazy_yiuf_cottage, uniq_pikel
D:6:      lemuel_doored_altar, minmay_temple_entry_hall, nicolae_lava_and_water,
          lemuel_oklob_altar
D:8:      old_standard_altar, lair_entry_dummy, serial_shops, shop_coins
D:9:      david_nohive_1, fountainhead, billiards_dpeg, uniq_grum, uniq_psyche
D:10:     uniq_erolcha, uniq_fannar, uniq_gastronok, uniq_nergalle
D:11:     hiddenorc2_lemuel
D:12:     minmay_the_grid_four_pointed_star
D:13:     uniq_snorg
Lair:1:   minmay_lair_oklob_bushes, minmay_stone_trees_large,
          beast_lair_carwin_3, serial_bayou_shore_b
Lair:2:   spider_nest_entry_rubble
Lair:3:   minmay_swamp_entry_worms, cheibrodos_lair_lostbears,
          lemuel_fruit_tree, grunt_megastairs_4
Lair:5:   grunt_megastairs_2
Lair:6:   grunt_lair_end_beastmaster, slime_altar_2
Spider:2: uniq_kirke, uniq_arachne, uniq_asterion, uniq_jorgrun
Spider:3: uniq_mara, uniq_bai_suzhen
Orc:1:    nicolae_orc_accident_3, david_defended_altar_orc
Orc:2:    grunt_orc_cross, basic_altar, mines2_david

Skill      XL: |  1  2  3  4  5  6  7  8  9 10 11 12 13 |
---------------+----------------------------------------+-----
Fighting       | 2 3 4 5 6 7 8 9 10 | 10.5
Axes           | 5 6 8 9 10 11 13 14 16 | 16.5
Armour         | 1 4 6 8 9 |  9.0
Dodging        | 5 7 9 |  9.6
Invocations    | 5 |  5.6
Throwing       | |  1.7

Action                   |  1- 3 |  4- 6 |  7- 9 | 10-12 | 13-15 || total
-------------------------+-------+-------+-------+-------+-------++-------
Melee: War axe           |    46 |    60 |   227 |    23 |       ||   356
       Broad axe         |       |       |       |   365 |       ||   365
       Battleaxe         |       |       |       |   189 |   103 ||   292
Throw: Throwing net      |     8 |     3 |       |       |       ||    11
Invok: Lesser Servant of |       |       |       |    18 |     2 ||    20
 Abil: Heal Wounds       |     1 |       |    12 |    34 |     1 ||    48
Evoke: Wand              |       |       |       |    27 |     8 ||    35
       Phial of floods   |       |       |       |     2 |       ||     2
       Box of beasts     |       |       |       |     1 |     1 ||     2
  Use: Scroll            |       |     1 |     5 |    14 |     3 ||    23
       Potion            |       |       |     2 |     3 |     3 ||     8
 Stab: Held in net/web   |       |     2 |       |       |       ||     2
       Distracted        |       |       |       |     8 |     1 ||     9
       Petrified         |       |       |       |     3 |       ||     3
  Eat: Chunk             |       |       |     2 |     2 |       ||     4
       Ration            |       |       |       |     2 |     1 ||     3
Armor: Leather armour    |    16 |       |       |       |       ||    16
       Ring mail         |     7 |    17 |   120 |   180 |    44 ||   368
       Skin              |       |       |    40 |       |       ||    40
Dodge: Dodged            |    70 |    22 |   205 |   471 |    93 ||   861

Table legend:
 A = Spawn XP
 B = Non-spawn XP
 C = Spawn XP percentage of total XP
 D = Spawn monster count
 E = Non-spawn monster count
 F = Spawn count percentage of total count
 G = Total turns spent on level
                    A         B        C        D         E        F      G
               +---------+---------+-------+---------+---------+-------+---------
         Total |       0 |   46125 |   0.0 |       0 |     258 |   0.0 |  3853
               +---------+---------+-------+---------+---------+-------+---------
           D:2 |       0 |      37 |   0.0 |       0 |      13 |   0.0 |   265
           D:4 |       0 |     220 |   0.0 |       0 |       1 |   0.0 |    31
           D:5 |       0 |    1173 |   0.0 |       0 |      11 |   0.0 |   371
           D:6 |       0 |      96 |   0.0 |       0 |       3 |   0.0 |    51
           D:7 |       0 |     533 |   0.0 |       0 |       7 |   0.0 |   241
           D:8 |       0 |    1996 |   0.0 |       0 |      12 |   0.0 |   148
           D:9 |       0 |    2784 |   0.0 |       0 |      29 |   0.0 |   240
          D:10 |       0 |    6336 |   0.0 |       0 |      24 |   0.0 |   498
          D:11 |       0 |    3115 |   0.0 |       0 |      47 |   0.0 |   344
          D:12 |       0 |    6713 |   0.0 |       0 |      22 |   0.0 |   274
          D:13 |       0 |     162 |   0.0 |       0 |       1 |   0.0 |    15
        Lair:1 |       0 |     703 |   0.0 |       0 |       6 |   0.0 |    92
        Lair:2 |       0 |    2709 |   0.0 |       0 |       9 |   0.0 |   201
        Lair:3 |       0 |    3014 |   0.0 |       0 |      14 |   0.0 |   277
        Lair:4 |       0 |     379 |   0.0 |       0 |       3 |   0.0 |    60
        Lair:5 |       0 |     734 |   0.0 |       0 |       2 |   0.0 |    52
        Lair:6 |       0 |    9554 |   0.0 |       0 |      25 |   0.0 |   337
      Spider:1 |       0 |    2019 |   0.0 |       0 |       8 |   0.0 |   104
      Spider:2 |       0 |     939 |   0.0 |       0 |       3 |   0.0 |    39
      Spider:3 |       0 |    2016 |   0.0 |       0 |       7 |   0.0 |    89
         Orc:1 |       0 |     893 |   0.0 |       0 |      11 |   0.0 |    76
               +---------+---------+-------+---------+---------+-------+---------
